AoeStats
← MacDaThox

Oasis

509707872Analyzed
4v4 RM · 6d ago on Sep 27, 2026· 21m 24s· 8 players
Game mode
Random Map
Map size
Large (8 player)
Population
200
Speed
Normal
Resources
Standard
Victory
Conquest
Starting age
Dark Age
Ending age
Imperial Age
RankedLock teamsTeams togetherTeam positionsShared explorationLock speedFull tech treeHidden civsTurbo modeCheats
Victory
Defeat
🇬🇧 Franks · United Kingdom
1272
+14
🇮🇳 Koreans · India
1266
+14
🇮🇳 Khmer · India
1237
+15
🇮🇳 Britons · India
1180
+18
🇦🇷 Vietnamese · Argentina
1282
-18
🇦🇷 Persians · Argentina
1214
-15
🇨🇱 Celts · Chile
1195
-14
🇲🇽 Franks · Mexico
1192
-14
Mikey
5:50 Loom
6:43 Loom
9:03 Feudal Age
13:39 Fletching
16:32 Double-Bit Axe
21:07 Gold Mining
Lilbalayya
10:01 Feudal Age
16:28 Bloodlines
18:29 Castle Age
17:03 Gold Mining
16:59 Double-Bit Axe
18:01 Bloodlines
19:26 Husbandry
20:06 Gold Shaft Mining
19:14 Horse Collar
19:47 Bow Saw
Soul Ledger
11:31 Feudal Age
11:46 Loom
16:19 Castle Age
14:25 Double-Bit Axe
16:50 Gold Mining
17:03 Husbandry
GAF
6:56 Loom
9:17 Feudal Age
10:10 Double-Bit Axe
12:35 Fletching
17:18 Padded Archer Armor
23:36 Castle Age
MacDaThox
11:37 Feudal Age
15:06 Double-Bit Axe
18:13 Castle Age
ASTORONGA
7:59 Loom
11:07 Feudal Age
11:49 Double-Bit Axe
14:18 Fletching
16:51 Padded Archer Armor
19:08 Horse Collar
BerC
12:01 Feudal Age
14:09 Loom
14:45 Scale Barding Armor
Duck Rattlehead
5:10 Loom
11:16 Feudal Age
14:57 Castle Age
14:44 Double-Bit Axe
14:40 Horse Collar
18:47 Bloodlines
20:21 Husbandry
Connection lost

Rejoining the realm…

Still unreachable

The connection could not be restored.

Session expired

The server has moved on; the page needs a fresh start.